 Dungeon Crawl Stone Soup version 0.31-a0-188-g5e087ee2ca (webtiles) character file.

Game seed: 11635099733658232124

28 qw the Shooter (level 2, 0/16 HPs)
             Began as a Deep Elf Hunter on June 23, 2023.
             Succumbed to their own poison gas
             ... on level 1 of the Dungeon.
             The game lasted 00:00:18 (883 turns).

qw the Shooter (Deep Elf Hunter)                     Turns: 883, Time: 00:00:19

Health: 0/16       AC:  5    Str:  8    XL:     2   Next: 96%
Magic:  4/4        EV: 10    Int: 13    God:
Gold:   65         SH:  0    Dex: 18    Spells: 1/1 levels left

rFire   . . .        Y - +0 shortbow
rCold   . . .        (shield currently unavailable)
rNeg    . . .        f - +0 ring mail
rPois   .            (no helmet)
rElec   .            (no cloak)
rCorr   .            (no gloves)
SInv    .            (no boots)
Will    .....        (no amulet)
Stlth   +            (no ring)
HPRegen 0.22/turn    (no ring)
MPRegen 0.09/turn

%: no passive effects
@: lethally poisoned (0 -> -2)
A: no striking features
a: no special abilities


You were on level 1 of the Dungeon.
You visited 1 branch of the dungeon, and saw 1 of its levels.

You collected 65 gold pieces.


   Skills:
 - Level 1.5 Fighting
 + Level 6.6 Ranged Weapons
 - Level 2.4 Dodging
 - Level 1.2 Stealth


You had one spell level left.
You didn't know any spells.
Your spell library was empty.

Inventory:

Hand Weapons
 Y - a +0 shortbow (weapon)
Armour
 f - a +0 ring mail (worn)
Scrolls
 e - a scroll of identify

Dungeon Overview and Level Annotations

Branches:
Dungeon (1/15)

Altars:


Message History

As you read the scroll labelled IRULUV KOAGHO, it crumbles to dust.
It is a scroll of identify.
You don't currently have any unidentified items.
Done exploring.
877 ||| DROPPING scroll of butterflies.
You drop a scroll of butterflies.
Done exploring.
(D) Dungeon
Where to? (* - list waypoints, ? - help)
What level of the Dungeon? (default 1, ? - help) Sorry, I don't know how to get there.
Enter note:
Enter note:
Enter note:
Enter note:
Enter note:
Enter note:
Enter note:
Enter note:
Enter note:
Enter note:
Enter note:
Enter note:
Enter note:
Enter note:
Enter note: Really walk into that cloud of poison gas?
You are engulfed in poison gas.
You are poisoned.
You feel very sick.
879 ||| Stepping ~*~*~tactically~*~*~ (cloud).
You feel sick.
Things that are here:
a scroll of butterflies; a +0 leather armour
There is a lethal amount of poison in your body!
You feel sick.
There is a lethal amount of poison in your body!
You feel sick.
There is a lethal amount of poison in your body!
You feel sick.
There is a lethal amount of poison in your body!
You die...

.....................###.....#
##............##.......+.....#
##........0¤00##0¤¤...##.....#
.......##..¤¤¤0¤¤¤###.##.....#
.......##...¤0¤¤¤¤# #.##...######
.............¤¤¤¤¤# #.##.........
####.#..######0¤¤¤# #.##.........
.....#.......##¤¤¤###.##.........
..##.#.#####.##0@¤##.............
..##.#.#####+##¤0¤##.............
..##.#.......¤¤0¤¤##......>......
'###.#.....¤¤¤0¤¤¤###'#####......
...#.#...¤¤¤0000¤¤#.)....########
...#.#.##¤¤0¤¤¤¤0¤#.....%...%....
...#.#..#¤¤¤¤¤¤¤¤0#..............
...#.#..'0¤¤000####..............
...#.##.#......# #..............


There were no monsters in sight!

Vanquished Creatures
  3 dart slugs (D:1)
  3 endoplasms (D:1)
  A hobgoblin (D:1)
  2 jackals (D:1)
  2 quokkas (D:1)
  2 ball pythons (D:1)
  A bat (D:1)
  3 goblins (D:1)
  3 kobolds (D:1)
  A rat (D:1)
21 creatures vanquished.

Notes
Turn   | Place    | Note
-------+----------+-------------------------------------------
     0 | D:1      | qw the Deep Elf Hunter began the quest for the Orb.
     0 | D:1      | Reached XP level 1. HP: 12/12 MP: 3/3
     0 | D:1      | 0 ||| qw: Version: 0.3-a-9-g12657ce
     0 | D:1      | 0 ||| qw: Game counter: 3108
     0 | D:1      | 0 ||| qw: Always use a shield: true
     0 | D:1      | 0 ||| qw: God list: Okawaru
     0 | D:1      | 0 ||| qw: Allow faded altars: false
     0 | D:1      | 0 ||| qw: Do Orc after D:15 true
     0 | D:1      | 0 ||| qw: Do second Lair branch before Depths: true
     0 | D:1      | 0 ||| qw: Lair rune preference: random
     0 | D:1      | 0 ||| qw: Plans: Normal
     0 | D:1      | 0 ||| PLANNING D:1-11
   179 | D:1      | Reached XP level 2. HP: 7/16 MP: 4/4
   223 | D:1      | Reached skill level 6 in Ranged Weapons
   864 | D:1      | 864 ||| UPGRADING to +0 ring mail.
   874 | D:1      | 874 ||| DROPPING +0 leather armour.
   875 | D:1      | 875 ||| READING scroll labelled JUTUKONAJO.
   876 | D:1      | 876 ||| READING 2 scrolls labelled IRULUV KOAGHO.
   877 | D:1      | 877 ||| DROPPING scroll of butterflies.
   879 | D:1      | 879 ||| Stepping ~*~*~tactically~*~*~ (cloud).
   880 | D:1      | HP: 4/16 [poisoned by you (poison gas)]
   882 | D:1      | HP: 1/16 [poisoned by you (poison gas)]
   883 | D:1      | Succumbed to their own poison gas

Levels and vault maps discovered:
D:1:      dpeg_arrival_stonehenge_8_columns, layout_basic, serial_bayou_pond_e,
          minmay_misc_feat_doors

Skill      XL: |  1  2 |
---------------+-------+-----
Ranged Weapons | 6 |  6.6
Fighting       | |  1.5
Dodging        | |  2.4
Stealth        | |  1.2

Action                     || total
---------------------------++-------
   Fire: Shortbow          ||    70
    Use: Scroll            ||     2
 Armour: Leather armour    ||     6
  Dodge: Dodged            ||    14

Table legend:
 A = Non-vault XP
 B = Vault XP
 C = Vault XP percentage of total XP
 D = Non-vault monster count
 E = Vault monster count
 F = Vault count percentage of total count
                 A         B        C        D         E       F
            +---------+---------+-------+---------+---------+-------
      Total |      40 |       0 |   0.0 |      21 |       0 |   0.0
            +---------+---------+-------+---------+---------+-------
        D:1 |      40 |       0 |   0.0 |      21 |       0 |   0.0
            +---------+---------+-------+---------+---------+-------
